 Dungeon Sprint DCSS version 0.30.1-11-g7821555f0a (webtiles) character file.

Game seed: 16201240318032221808

35870 Heoruswealwe the Minotaur Porcupine (level 13, -6/145 HPs)
             Began as a Minotaur Fighter on Oct 29, 2023.
             Was an Initiate of Gozag.
             Mangled by a merfolk impaler
             ... wielding a +2 demon trident of venom
              (11 damage)
             ... in the Dungeon (Sprint IX: "|||||||||||||||||||||||||||||").
             The game lasted 00:36:09 (4016 turns).

Heoruswealwe the Minotaur Porcupine (MiFi)          Turns: 4016, Time: 00:36:10

Health: -6/145     AC: 34    Str: 27    XL:     13   Next: 49%
Magic:  12/12      EV: 12    Int:  5    God:    Gozag
Gold:   2686       SH:  0    Dex:  6    Spells: 12/12 levels left

rFire   + + .        b - +2 glaive (heavy)
rCold   . . .        (shield currently unavailable)
rNeg    . . .        c - +10 plate armour of Untold Secrets {Rampage rF++ Dex-3 SInv}
rPois   .            (helmet restricted)
rElec   .            h - +0 cloak
rCorr   +            f - +0 pair of gloves
SInv    +            (no boots)
Will    .....        (no amulet) Stlth
                     k - +2 ring of evasion
HPRegen 0.44/turn    j - ring of resist corrosion
MPRegen 0.13/turn

%: no teleportation, rampage
@: lethally poisoned (-6 -> -34)
A: horns 2, retaliatory headbutt
a: Renounce Religion, Potion Petition, Call Merchant, Bribe Branch


You were in the Dungeon.
You worshipped Gozag.
Gozag was most pleased with you.
You visited 1 branch You collected 12497 gold pieces.
You spent 6618 gold pieces at shops.
You paid 3193 gold pieces to Gozag.

Inventory:

Hand Weapons
 a - a +0 trident
 b - a +2 heavy glaive (weapon)
 l - the +9 sword of Zonguldrok {reap}
   (You found it in the Dungeon)
 y - the +3 greatsling "Punk" {acid, rCorr}
   (You bought it in a shop in the Dungeon)

   rCorr:     It protects you from acid and corrosion.
Armour
 c - the +10 plate armour of Untold Secrets (worn) {Rampage rF++ Dex-3 SInv}
   (You bought it in a shop in the Dungeon)

   Dex:       It affects your dexterity (-3).
   rF:        It greatly protects you from fire.
   SInv:      It lets you see invisible.
   Rampage:   It bestows one free step when moving towards enemies.
 d - a +2 kite shield of protection
 f - a +0 pair of gloves (worn)
 h - a +0 cloak (worn)
Jewellery
 j - a ring of resist corrosion (right hand)
 k - a +2 ring of evasion (left hand)
Wands
 n - a wand of acid (18)
 t - a wand of roots (10)
Scrolls
 p - 7 scrolls of identify
 q - 8 scrolls of enchant armour
 u - a scroll of silence
 C - 2 scrolls of blinking
Potions
 e - 4 potions of mutation
 g - 2 potions of haste
 i - a potion of berserk rage
 s - 3 potions of might
 w - 2 potions of cancellation
Miscellaneous
 v - a condenser vane
 x - a lightning rod (4/4)


   Skills:
 + Level 22.1 Fighting
 O Level 27 Polearms
 + Level 22.1 Armour
 + Level 7.0 Dodging
 + Level 8.6 Shields
 + Level 5.8 Evocations


You had 12 spell levels left.
You didn't know any spells.
Your spell library was empty.

Dungeon Overview and Level Annotations

Branches:
Dungeon (1/1)

Altars:
Cheibriados
Dithmenos
Elyvilon
Fedhas
Gozag
Hepliaklqana
Kikubaaqudgha
Makhleb
Nemelex Xobeh
Okawaru
Qazlal
Ru
Sif Muna
Trog
Uskayaw
Vehumet
Wu Jian
Xom
Yredelemnul
Zin
The Shining One
Jiyva
Lugonu

Shops:
D *[(*[!!*


Innate Abilities, Weirdness & Mutations

You have a pair of horns on your head.
You reflexively headbutt those who attack you in melee.


Message History

You headbutt the merfolk impaler.
You feel much better.
You feel extremely sick.
The merfolk siren chants its luring song.
The merfolk impaler closely misses you.
You miss the merfolk impaler.
Your headbutt misses the merfolk impaler.
The merfolk impaler is heavily wounded.
* * * LOW HITPOINT WARNING * * *
You feel extremely sick. The merfolk impaler misses you.
The merfolk impaler hits you with a +2 demon trident of venom!
* * * LOW HITPOINT WARNING * * *
Blink to where?
Press: ? - help, Dir - move target You cannot blink away from the merfolk siren!
Blink to where?
Press: ? - help, Dir - move target, f - you
Okay, then.
Okay, then.
Okay, then.
Your magical effects are unravelling.
You feel magically purged.
You break out of your daze.
Your resistance to elements expires.
* * * LOW HITPOINT WARNING * * *
You feel extremely sick.
The merfolk impaler hits you but does no damage.
You are more poisoned.
The merfolk siren chants a haunting song.
You resist.
The merfolk impaler hits you but does no damage.
You slice the merfolk impaler!!
Your headbutt misses the merfolk impaler.
The merfolk impaler is severely wounded.
* * * LOW HITPOINT WARNING * * *
You feel extremely sick.
The merfolk impaler hits you with a +2 demon trident of venom!
You die...
Your body crumbles into a pile of gold.

▓▓▓▓▓▓▓▓▓♣♣♣♣♣♣♣♣♣♣▓▓▓▓▓
.mmmmkm@$.........).....
▓▓▓▓▓▓▓▓▓▓▓▓▓▓▓▓▓▓♣♣♣♣♣♣♣♣♣♣▓▓▓▓▓
.................................
▓▓▓▓▓▓▓▓▓▓▓▓▓▓▓▓▓▓▓▓▓▓▓▓▓▓▓▓▓▓▓▓▓
...)(.)...'........!.[[[[[[[[.)))
▓▓▓▓▓▓▓▓▓▓▓▓▓▓▓▓▓▓▓▓▓▓▓▓▓▓▓▓▓▓▓▓▓
.................................
▓▓▓▓▓▓▓▓▓▓▓▓▓▓▓▓▓▓▓▓▓▓▓▓▓▓▓▓▓▓▓▓▓
∩.∩.∩.∩...[?[.......).)))'..).).)


You could see a merfolk impaler, a wind drake (repels missiles), 2 merfolk, a
merfolk siren and a water nymph.

Vanquished Creatures
  A lich (D)
  A nagaraja (D)
  A fire giant (D)
  An emperor scorpion (D)
  A stone giant (D)
  An eleionoma (D)
  A bunyip (D)
  A merfolk impaler (D)
  An ettin (D)
  A rakshasa (D)
  A ghost crab (D)
  5 ogre magi (D)
  3 hydras (D)
  A merfolk aquamancer (D)
  Erica (D)
  A deep troll earth mage (D)
  A naga warrior (D)
  A naga sharpshooter (D)
  2 shock serpents (D)
  Sonja (D)
  A skyshark (D)
  2 skeletal warriors (D)
  A swamp dragon (D)
  A sea snake (D)
  A spriggan druid (D)
  5 deep trolls (D)
  A naga ritualist (D)
  3 orc knights (D)
  A deep elf pyromancer (D)
  2 manticores (D)
  A salamander (shapeshifter) (D)
  Maurice (D)
  2 black mambas (D)
  Joseph (D)
  A naga mage (D)
  5 cane toads (D)
  A gargoyle (D)
  A komodo dragon (D)
  Psyche (D)
  An unseen horror (D)
  A tengu conjurer (D)
  5 tyrant leeches (D)
  4 trolls (D)
  A jumping spider (shapeshifter) (D)
  2 wraiths (D)
  Eustachio (D)
  A human (shapeshifter) (D)
  4 yaks (D)
  A basilisk (shapeshifter) (D)
  6 water moccasins (D)
  9 orc warriors (D)
  A black bear (D)
  A phantom (D)
  2 bullfrogs (D)
  A scorpion (D)
  4 orc priests (D)
  An iguana (D)
  3 orc wizards (D)
  2 ufetubi (D)
  4 worms (D)
  7 orcs (D)
  A ball python (D)
  A hobgoblin (D)
  A bat (D)
  2 rats (D)
126 creatures vanquished.

Vanquished Creatures (others)
  2 alligators (D)
  A spriggan druid (D)
3 creatures vanquished.

Grand Total: 129 creatures vanquished

Notes
Turn   | Place    | Note
-------+----------+-------------------------------------------
     0 | D        | Heoruswealwe the Minotaur Fighter began the quest for the
                  | Orb.
     0 | D        | Reached XP level 1. HP: 19/19 MP: 0/0
    10 | D        | Reached skill level 3 in Polearms
    25 | D        | Noticed a scorpion
    25 | D        | Noticed an iguana
    25 | D        | Noticed a phantom
    29 | D        | Reached skill level 4 in Polearms
    29 | D        | Reached XP level 2. HP: 25/28 MP: 1/1
    39 | D        | Killed a phantom
    40 | D        | Reached skill level 7 in Polearms
    40 | D        | Reached XP level 3. HP: 28/37 MP: 2/2
    40 | D        | Reached XP level 4. HP: 33/44 MP: 3/3
    43 | D        | Reached skill level 8 in Polearms
    51 | D        | Killed a scorpion
    52 | D        | Reached skill level 9 in Polearms
    52 | D        | Reached XP level 5. HP: 43/52 MP: 4/4
    58 | D        | Found a snail-covered altar of Cheibriados.
    58 | D        | Found a shadowy altar of Dithmenos.
    58 | D        | Found a white marble altar of Elyvilon.
    58 | D        | Found a blossoming altar of Fedhas.
    58 | D        | Found an opulent altar of Gozag.
    59 | D        | Found a hazy altar of Hepliaklqana.
    60 | D        | Found a viscous altar of Jiyva.
    61 | D        | Found an ancient bone altar of Kikubaaqudgha.
    62 | D        | Found a corrupted altar of Lugonu.
    63 | D        | Found a burning altar of Makhleb.
    64 | D        | Found a sparkling altar of Nemelex Xobeh.
    65 | D        | Found an iron altar of Okawaru.
    66 | D        | Became a worshipper of Gozag Ym Sagoz the Greedy
    67 | D        | Found a stormy altar of Qazlal.
    68 | D        | Found a sacrificial altar of Ru.
    69 | D        | Found a shimmering blue altar of Sif Muna.
    70 | D        | Found a bloodstained altar of Trog.
    71 | D        | Found a hide-covered altar of Uskayaw.
    72 | D        | Found a radiant altar of Vehumet.
    73 | D        | Found an ornate altar of the Wu Jian Council.
    74 | D        | Found a shimmering altar of Xom.
    75 | D        | Found a basalt altar of Yredelemnul.
    76 | D        | Found a glowing silver altar of Zin.
    77 | D        | Found a glowing golden altar of the Shining One.
    85 | D        | Found the +9 sword of Zonguldrok {reap}
   143 | D        | Noticed a wraith
   143 | D        | Noticed a wraith
   143 | D        | Noticed a gargoyle
   143 | D        | Noticed a yak
   143 | D        | Noticed a troll
   143 | D        | Noticed a yak
   150 | D        | Killed a yak
   151 | D        | Reached skill level 11 in Polearms
   151 | D        | Reached XP level 6. HP: 57/62 MP: 5/5
   156 | D        | Killed a troll
   157 | D        | Reached skill level 12 in Polearms
   158 | D        | Killed a yak
   159 | D        | Reached skill level 10 in Fighting
   159 | D        | Reached skill level 13 in Polearms
   159 | D        | Reached skill level 10 in Armour
   159 | D        | Reached XP level 7. HP: 31/72 MP: 6/6
   166 | D        | Killed a gargoyle
   167 | D        | Reached skill level 14 in Polearms
   170 | D        | Killed a wraith
   171 | D        | Reached XP level 8. HP: 40/82 MP: 7/7
   175 | D        | Reached skill level 15 in Polearms
   335 | D        | Noticed a six-headed hydra
   335 | D        | Noticed a skeletal warrior
   335 | D        | Noticed a manticore
   335 | D        | Noticed a four-headed hydra
   339 | D        | Killed a one-headed hydra
   340 | D        | Reached skill level 16 in Polearms
   342 | D        | Killed a manticore
   343 | D        | Reached skill level 17 in Polearms
   343 | D        | Reached XP level 9. HP: 69/92 MP: 8/8
   349 | D        | Killed an unseen horror
   373 | D        | Killed a skeletal warrior
   374 | D        | Reached skill level 18 in Polearms
   377 | D        | Killed a three-headed hydra
   378 | D        | Reached skill level 19 in Polearms
   685 | D        | Noticed a cane toad
   685 | D        | Noticed a cane toad
   688 | D        | Noticed a cane toad
   695 | D        | Reached XP level 10. HP: 103/104 MP: 9/9
   696 | D        | Noticed a cane toad
   697 | D        | Killed a cane toad
   702 | D        | Killed a cane toad
   704 | D        | Killed a cane toad
   705 | D        | Reached skill level 20 in Polearms
   717 | D        | Reached skill level 15 in Fighting
   717 | D        | Reached skill level 15 in Armour
   723 | D        | Killed a cane toad
   815 | D        | Noticed a skyshark
   823 | D        | Killed a skyshark
   829 | D        | Reached skill level 21 in Polearms
   836 | D        | Noticed a cane toad
   848 | D        | Killed a cane toad
  1287 | D        | Reached XP level 11. HP: 111/114 MP: 10/10
  1354 | D        | Noticed Erica
  1365 | D        | Killed Erica
  1366 | D        | Reached skill level 22 in Polearms
  1394 | D        | Noticed Joseph
  1406 | D        | Killed Joseph
  1512 | D        | Noticed Sonja
  1524 | D        | Killed Sonja
  1740 | D        | Noticed Psyche
  1751 | D        | Killed Psyche
  1837 | D        | Noticed an orc knight
  1855 | D        | Killed an orc knight
  1862 | D        | Reached skill level 23 in Polearms
  2023 | D        | Noticed an orc knight
  2023 | D        | Noticed an orc knight
  2028 | D        | Killed an orc knight
  2039 | D        | HP: 4/117 [orc knight/+0 long sword (14)]
  2051 | D        | Killed an orc knight
  2075 | D        | HP: 5/117 [orc warrior/+0 halberd (12)]
  2359 | D        | Found Xeemon's General Store.
  2359 | D        | Noticed a deep troll
  2359 | D        | Noticed a deep troll
  2359 | D        | Noticed an ogre mage
  2359 | D        | Noticed an ogre mage
  2361 | D        | Killed an ogre mage
  2366 | D        | Killed an ogre mage
  2366 | D        | Noticed a deep troll
  2367 | D        | Reached skill level 24 in Polearms
  2369 | D        | Killed a deep troll
  2370 | D        | Killed a deep troll
  2379 | D        | Killed a deep troll
  2387 | D        | Found Esisoffy's Distillery.
  2391 | D        | Found Deolic's Distillery.
  2393 | D        | Noticed a deep troll
  2394 | D        | Found Deujil's Antique Armour Shop.
  2394 | D        | Noticed an ogre mage
  2403 | D        | Killed a deep troll
  2403 | D        | Paralysed by an ogre mage for 2 turns
  2404 | D        | Reached XP level 12. HP: 106/128 MP: 11/11
  2412 | D        | Killed an ogre mage
  2413 | D        | Reached skill level 25 in Polearms
  2417 | D        | Noticed an ogre mage
  2418 | D        | Noticed an ogre mage
  2429 | D        | Killed an ogre mage
  2446 | D        | Killed an ogre mage
  2536 | D        | Bought a scroll of identify for 28 gold pieces
  2536 | D        | Bought a scroll of identify for 28 gold pieces
  2536 | D        | Bought a scroll of enchant armour for 105 gold pieces
  2536 | D        | Bought a potion of mutation for 112 gold pieces
  2536 | D        | Bought a scroll of enchant armour for 105 gold pieces
  2538 | D        | Bought a potion of heal wounds for 65 gold pieces
  2538 | D        | Bought a potion of heal wounds for 65 gold pieces
  2538 | D        | Bought a potion of curing for 39 gold pieces
  2538 | D        | Bought a potion of lignification for 39 gold pieces
  2538 | D        | Bought 2 potions of flight for 78 gold pieces
  2538 | D        | Bought a potion of degeneration for 13 gold pieces
  2538 | D        | Bought a potion of attraction for 39 gold pieces
  2538 | D        | Bought 2 potions of cancellation for 208 gold pieces
  2558 | D        | Bought 2 potions of might for 88 gold pieces
  2558 | D        | Bought a potion of curing for 33 gold pieces
  2558 | D        | Bought a potion of heal wounds for 55 gold pieces
  2558 | D        | Bought a potion of cancellation for 88 gold pieces
  2558 | D        | Bought a potion of might for 44 gold pieces
  2558 | D        | Bought a potion of mutation for 88 gold pieces
  2567 | D        | Bought a lead wand for 132 gold pieces
  2567 | D        | Bought a scroll labelled GICEPR VOSHU for 33 gold pieces
  2567 | D        | Bought a scroll labelled WUEXEN GYSO for 33 gold pieces
  2567 | D        | Bought a lightning rod (4/4) for 990 gold pieces
  2567 | D        | Bought a scroll of identify for 66 gold pieces
  2570 | D        | Bought the +3 greatsling "Punk" {acid, rCorr} for 939 gold
                  | pieces
  2570 | D        | Found the +3 greatsling "Punk" {acid, rCorr}
  2576 | D        | Bought a runed kite shield for 225 gold pieces
  2576 | D        | Bought a runed scarf for 240 gold pieces
  2576 | D        | Bought a buzzing plate armour for 840 gold pieces
  2576 | D        | Identified the +10 plate armour of Untold Secrets {Rampage
                  | rF++ Dex-3 SInv} (You bought it in a shop in the Dungeon)
  2581 | D        | Bought a scroll labelled WUEXEN GYSO for 30 gold pieces
  2581 | D        | Bought a scroll of identify for 60 gold pieces
  2581 | D        | Bought a bronze ring for 150 gold pieces
  2581 | D        | Bought a scroll of identify for 60 gold pieces
  2581 | D        | Bought a translucent marble ring for 150 gold pieces
  2581 | D        | Identified the ring "Ucisokka" {Wiz Int+3} (You bought it
                  | in a shop in the Dungeon)
  2581 | D        | Bought a wooden ring for 150 gold pieces
  2781 | D        | Noticed a four-headed hydra
  2784 | D        | Noticed a stone giant
  2787 | D        | Noticed a lich
  2789 | D        | Noticed a rakshasa
  2791 | D        | Reached skill level 26 in Polearms
  2792 | D        | Noticed a deep troll earth mage
  2792 | D        | Noticed a fire giant
  2795 | D        | Killed a seven-headed hydra
  2799 | D        | Killed a stone giant
  2802 | D        | Noticed an ettin
  2804 | D        | Killed a lich
  2807 | D        | Killed a rakshasa
  2809 | D        | Killed a deep troll earth mage
  2810 | D        | Reached skill level 27 in Polearms
  2811 | D        | Killed a fire giant
  2817 | D        | Killed an ettin
  3076 | D        | Bought a condenser vane for 1200 gold pieces
  3216 | D        | Noticed Eustachio
  3221 | D        | Killed Eustachio
  3228 | D        | Noticed Maurice
  3237 | D        | Killed Maurice
  3325 | D        | Noticed a naga warrior
  3325 | D        | Noticed a nagaraja
  3329 | D        | Killed a nagaraja
  3330 | D        | Reached skill level 1 in Dodging
  3330 | D        | Reached skill level 1 in Evocations
  3330 | D        | Reached XP level 13. HP: 131/143 MP: 12/12
  3340 | D        | Reached skill level 5 in Shields
  3631 | D        | Noticed an eleionoma
  3644 | D        | Killed an eleionoma
  3645 | D        | Noticed a bunyip
  3646 | D        | Reached skill level 5 in Dodging
  3666 | D        | Killed a bunyip
  3674 | D        | Noticed an emperor scorpion
  3684 | D        | Killed an emperor scorpion
  3685 | D        | Reached skill level 5 in Evocations
  3992 | D        | Noticed a merfolk impaler
  3992 | D        | Noticed a merfolk impaler
  4007 | D        | Killed a merfolk impaler
  4016 | D        | HP: 5/145 [poisoned by a merfolk impaler]
  4016 | D        | Mangled by a merfolk impaler

Illustrated notes

Levels and vault maps discovered:
D:        linesprint [early_d, line_temple, items_1, d_10, items_2, lair_1,
          lair_end, items_3, orc_1, orc_end, items_4, d_15, swamp_1, shoals_1,
          snake_1, spider_1, d_20, vaults_1, items_5, swamp_end, shoals_end,
          snake_end, spider_end, vaults_end, d_27, items_6, zot_1, zot_end,
          crypt_end, forest_end, elf_end, slime_end, tomb_end, abyss_end,
          pan_hell_end]

Skill      XL: |  1  2  3  4  5  6  7  8  9 10 11 12 13 |
---------------+----------------------------------------+-----
Polearms       | 4 7 9 11 13 14 17 19 21 24 27 | 27.0
Fighting       | 4 6 7 8 10 11 12 14 16 18 21 22 | 22.1
Armour         | 4 6 7 8 10 11 12 14 16 18 21 22 | 22.1
Dodging        | 1 7 |  7.0
Shields        | 4 8 |  8.6
Evocations     | 1 5 |  5.8

Action                     |  1- 3 |  4- 6 |  7- 9 | 10-12 | 13-15 || total
---------------------------+-------+-------+-------+-------+-------++-------
  Melee: Trident           |    25 |    12 |       |       |       ||    37
         Headbutt          |     3 |     4 |    15 |    34 |    14 ||    70
         Halberd           |       |    15 |    57 |   194 |       ||   266
         Glaive            |       |       |       |    77 |    72 ||   149
 Invoke: Call Merchant     |       |       |       |     4 |       ||     4
  Evoke: Wand              |       |       |       |     1 |       ||     1
    Use: Potion            |       |       |     4 |    10 |     8 ||    22
         Scroll            |       |       |       |     3 |       ||     3
   Stab: Distracted        |       |       |       |     7 |       ||     7
 Armour: Scale mail        |     9 |     6 |       |       |       ||    15
         Ring mail         |       |     3 |    11 |       |       ||    14
         Chain mail        |       |       |     2 |    29 |       ||    31
         Plate armour      |       |       |       |    49 |    64 ||   113
  Dodge: Dodged            |    16 |    16 |    18 |    65 |    34 ||   149
  Block: Buckler           |     4 |     2 |       |       |       ||     6
